 Dungeon Crawl Stone Soup version 0.21.1-1-g345015f (webtiles) character file.

47 Mgcat the Chopper (level 3, -2/22 HPs)
             Began as a Gargoyle Gladiator on Feb 12, 2018.
             Slain by an orc warrior
             ... wielding a +0 battleaxe
              (23 damage)
             ... on level 2 of the Dungeon.
             The game lasted 00:02:36 (956 turns).

Mgcat the Chopper (Gargoyle Gladiator)               Turns: 956, Time: 00:02:37

Health: -2/22      AC:  9    Str: 17    XL:     3   Next: 70%
Magic:  3/3        EV: 11    Int:  8    God:
Gold:   42         SH:  0    Dex: 12    Spells: 2/2 levels left

rFire    . . .     SeeInvis .   a - +0 war axe
rCold    . . .     Gourm    .   (no shield)
rNeg     + . .     Faith    .   o - +0 ring mail
rPois    ∞         Spirit   .   c - +0 helmet
rElec    +         Reflect  .   (no cloak)
rCorr    .         Harm     .   (no gloves)
MR       .....                  (no boots)
Stlth    +.........             (no amulet)
HPRegen  0.07/turn              (no ring)
MPRegen  0.08/turn              (no ring)

@: no status effects
A: negative energy resistance 1, electricity resistance, unbreathing,
petrification resistance, rot immunity, AC +3
a: no special abilities


You were on level 2 of the Dungeon.
You were not hungry.

You visited 1 branch of the dungeon, and saw 2 of its levels.

You collected 42 gold pieces.

Inventory:

Hand Weapons
 a - a +0 war axe (weapon)
Missiles
 d - 3 throwing nets {=f, !d}
Armour
 c - a +0 helmet (worn)
 o - a +0 ring mail (worn)
   (You found it on level 1 of the Dungeon)
Scrolls
 e - a scroll of blinking {unknown}
 g - 2 scrolls of remove curse {unknown}
 h - a scroll of identify {unknown}
 i - a scroll of noise {unknown}
 j - a scroll of fear {unknown}
 k - a scroll of magic mapping {unknown}
 n - a scroll of fog {unknown}
Potions
 l - a potion of heal wounds {unknown}
 m - a potion of brilliance {unknown}
 p - a potion of lignification {unknown}
Comestibles
 b - 4 chunks of flesh {@w0}
 f - 3 rations


   Skills:
 + Level 2.8 Fighting
 + Level 3.1 Axes
 + Level 2.3 Throwing
 + Level 1.5 Armour
 - Level 2.4 Dodging


You had 2 spell levels left.
You didn't know any spells.

Dungeon Overview and Level Annotations

Branches:
Dungeon (2/15)

Altars:
Nemelex Xobeh


Innate Abilities, Weirdness & Mutations

You are resistant to torment.
Your stone body is resilient. (AC +3)
You are immune to poison.
You resist negative energy. (rN+)
You are resistant to electric shocks. (rElec)
You can survive without breathing.
You are immune to petrification.
You are immune to rotting.


Message History

The bat closely misses you.
You hit the bat.
You kill the bat!
No target in view!
No target in view!
You see here a ring mail.
o - a ring mail All of the chunks of flesh in your inventory have rotted away.
Wear which item? (? for menu, Esc to quit)
You start removing your armour.
You continue taking off your +0 leather armour. x4
You finish taking off your +0 leather armour.
You start putting on your armour.
You continue putting on your ring mail. x5
You finish putting on your +0 ring mail.
Drop what? 14/52 slots (_ for help) (? for menu, Esc to quit)
You drop a +0 leather armour.
You butcher the bat corpse.
b - a chunk of flesh {@w0} You see here a bat skeleton. x2
You now have 42 gold pieces (gained 13).
You open the door.
There is an open door here.
There is an open door here.
There is a stone staircase leading down here.
You open the door.
There is an open door here.
You see here a ring mail.
g - a scroll labeled WOLOWK ULOS All of the chunks of flesh in your inventory have rotted away.
A giant cockroach comes into view.
A giant cockroach is nearby!
The giant cockroach bites you but does no damage. x2
You closely miss the giant cockroach. The giant cockroach misses you.
You closely miss the giant cockroach.
The giant cockroach bites you but does no damage. x2
You hit the giant cockroach.
You kill the giant cockroach!
No target in view!
No target in view!
You butcher the giant cockroach corpse.
b - 2 chunks of flesh {@w0}
There is a stone staircase leading down here.
Done exploring.
Done exploring.
No target in view!
Done exploring.
(D) Dungeon
Where to? (? - help)
What level of the Dungeon? (default 1, ? - help)
There is a stone staircase leading down here.
You climb downwards.
There is a stone staircase leading up here.
g - 2 scrolls labeled WOLOWK ULOS (gained 1)
You see here a spear.
p - a fuming pink potion You see here a scale mail.
An adder comes into view.
The adder hisses angrily.
The adder moves out of view.
You hit the adder.
The adder is moderately wounded.
The adder closely misses you. The adder bites you but does no damage.
You closely miss the adder.
The adder is moderately wounded.
The adder bites you but does no damage. The adder closely misses you.
You closely miss the adder.
The adder is moderately wounded.
The adder bites you.
You miss the adder.
The adder is moderately wounded.
The adder misses you. The adder barely misses you.
You completely miss the adder.
The adder is moderately wounded.
The adder closely misses you. x2
You slash the adder!
You kill the adder!
No target in view!
No target in view!
You butcher the adder corpse.
b - 4 chunks of flesh {@w0} (gained 2)
You see here a ring mail.
HP restored.
Found a stone staircase leading up.
There is a stone staircase leading up here. 2 orcs come into view.
The orc shouts!
The orc moves out of view.
An orc comes into view. It is wielding a dagger.
An orc warrior comes into view. It is wielding a battleaxe.
The orc warrior shouts!
The orc shouts!
The orc closely misses you. The orc misses you.
You barely miss the orc. You hit the orc. The orc hits you but does no damage.
The orc misses you. The orc hits you with a club.
You hit the orc.
You kill the orc!
You completely miss the orc. The orc completely misses you.
You barely miss the orc warrior. You closely miss the orc.
The orc warrior hits you with a battleaxe!!
Ouch! That really hurt!
You die...

##<..## #...#
##+## #.### #.
#.# #. #.#
#####.########
#.#
.............#
#.# #....o#
#..# #.#
#..oo#
#..###.# #@#
#......# #.#
##.#####
#.####<#
#......#
########


You could see an orc warrior and 2 orcs.

Vanquished Creatures
  An adder (D:2)
  A dart slug (D:1)
  An orc (D:2)
  3 giant cockroaches (D:1)
  6 hobgoblins (D:1)
  4 kobolds (D:1)
  A ball python (D:1)
  8 bats (D:1)
  4 frilled lizards (D:1)
  5 goblins (D:1)
  A rat (D:1)
35 creatures vanquished.

Notes
Turn   | Place    | Note
-------+----------+-------------------------------------------
     0 | D:1      | Mgcat the Gargoyle Gladiator began the quest for the Orb.
     0 | D:1      | Reached XP level 1. HP: 12/12 MP: 1/1
    67 | D:1      | Reached skill level 2 in Throwing
    67 | D:1      | Reached XP level 2. HP: 13/18 MP: 2/2
   122 | D:1      | Reached skill level 1 in Armour
   197 | D:1      | Reached skill level 3 in Axes
   198 | D:1      | Reached XP level 3. HP: 16/22 MP: 3/3
   521 | D:1      | Found a sparkling altar of Nemelex Xobeh.
   951 | D:2      | Noticed an orc warrior
   956 | D:2      | Slain by an orc warrior

Skill      XL: |  1  2 |
---------------+-------+-----
Throwing       | 2 |  2.3
Armour         | 1 |  1.5
Axes           | 3 |  3.1
Fighting       | |  2.8
Dodging        | |  2.4

Action                   || total
-------------------------++-------
Melee: War axe           ||    94
Armor: Leather armour    ||    47
       Ring mail         ||     7
Dodge: Dodged            ||   105

Vault maps used:
D:1:      dpeg_arrival_line_fractal, nemelex_diamond_rough_becter
D:2:      xom_teletrap_fun, uniq_crazy_yiuf_cottage, uniq_natasha

Table legend:
 A = Turns spent in this place as a percentage of turns spent in the entire game.
 B = Non-inter-level travel turns spent in this place as a percentage of non-inter-level travel turns spent in the entire game.
 C = Inter-level travel turns spent in this place as a percentage of turns spent in this place.
 D = Turns resting spent in this place as a percentage of non-inter-level travel turns spent in this place.
 E = Turns spent auto-exploring this place as a percentage of non-inter-level travel turns spent in this place.
 F = Non-inter-level travel turns spent in this place divided by the number of levels of this place that you've seen.
                   A       B       C       D       E      F
               +-------+-------+-------+-------+-------+----------------------
         Total | 100.0 | 100.0 |   0.5 |   0.0 |  77.6 | 475.5
       Dungeon | 100.0 | 100.0 |   0.5 |   0.0 |  77.6 | 475.5
               +-------+-------+-------+-------+-------+----------------------

Table legend:
 A = Kills in this place as a percentage of kills in entire the game.
 B = Kills by you in this place as a percentage of kills by you in the entire game.
 C = Kills by friends in this place as a percentage of kills by friends in the entire game.
 D = Other kills in this place as a percentage of other kills in the entire game.
 E = Experience gained in this place as a percentage of experience gained in the entire game.
 F = Experience gained in this place divided by the number of levels of this place that you have seen.
                   A       B       C       D       E      F
               +-------+-------+-------+-------+-------+----------------------
         Total | 100.0 | 100.0 |   N/A |   N/A | 100.0 |  34.0
       Dungeon | 100.0 | 100.0 |   N/A |   N/A | 100.0 |  34.0
               +-------+-------+-------+-------+-------+----------------------
